[Event "Titled Tuesday Blitz May 4 2021"]
[White "Petrova, Irina"]
[Black "Belous, Vladimir"]
[WhiteFideId "14124122"]
[BlackFideId "4174003"]
[WhiteElo "2022"]
[BlackElo "2583"]
[Result "0-1"]
[Round "01"]
[TimeControl "180+1"]
[Date "2021.05.04"]
[WhiteClock "0:00:03"]
[BlackClock "0:00:06"]

1. e4 c5 2. Nf3 Nc6 3. Bb5 g6 4. Bxc6 dxc6 5. d3 Bg7 6. Nc3 b6 7. Be3 Nh6 8. h3 f6 9. O-O Nf7 10. Qd2 e5 11. Nh2 O-O 12. f4 exf4 13. Bxf4 Be6 14. Nf3 Qd7 15. Rae1 Rad8 16. b3 Rfe8 17. Qf2 Qc8 18. a4 Rd7 19. a5 Qd8 20. axb6 axb6 21. Na4 Nd6 22. e5 fxe5 23. Bxe5 Bd5 24. Bxg7 Rxe1 25. Rxe1 Kxg7 26. Ne5 Re7 27. c4 Be4 28. Ng4 Bf5 29. Rxe7+ Qxe7 30. Nxb6 h5 31. Ne3 Bxd3 32. Qb2+ Kh7 33. Nf1 Ne4 34. Nd2 Ng3 35. Nf3 Qe3+ 36. Kh2 Nf1+ 37. Kh1 Ng3+ 38. Kh2 Nf1+ 39. Kh1 Be4 40. Qf6 Bxf3 41. Qf7+ Kh6 42. Qf8+ Kg5 43. Qxf3 Qxf3 44. gxf3 Nd2 45. Kg2 Nxb3 46. Nd7 Nd2 47. Nxc5 Nxc4 48. Ne6+ Kf6 49. Nd4 Na5 50. Kg3 c5 51. Nc2 Ke5 52. Ne3 c4 53. Nc2 c3 54. Kf2 Kf4 55. Nd4 Nc4 56. Ne2+ Kg5 57. Nxc3 Kh4 58. Kg2 Ne3+ 59. Kf2 Nc2 60. Kg2 Ne1+ 61. Kf2 Nd3+ 62. Ke3 Nc5 63. Ne2 Ne6 64. Ke4 Ng5+ 65. Ke3 Nxh3 66. f4 Kg4 67. Nc3 Nxf4 68. Ne4 g5 69. Nf6+ Kf5 70. Nh7 h4 71. Kf3 Ne6 72. Kg2 Kg6 0-1


[Site "https://www.chess.com"]

[Event "Titled Tuesday Blitz May 4 2021"]
[White "Piesik, Piotr"]
[Black "Chandratreya, Prachiti"]
[WhiteFideId "1136194"]
[BlackFideId "46611215"]
[WhiteElo "2369"]
[BlackElo "1737"]
[Result "1-0"]
[Round "01"]
[TimeControl "180+1"]
[Date "2021.05.04"]
[WhiteClock "0:01:31"]
[BlackClock "0:01:08"]

1. Nf3 Nf6 2. g3 g6 3. Bg2 Bg7 4. O-O O-O 5. d4 d6 6. Nbd2 Nc6 7. e4 a6 8. Qe2 e5 9. dxe5 dxe5 10. c3 Qe7 11. b4 Be6 12. a4 Rfd8 13. Nc4 Bg4 14. Ba3 Qe6 15. Rfd1 Rxd1+ 16. Rxd1 b5 17. Ne3 Bxf3 18. Bxf3 bxa4 19. Nd5 Rc8 20. Qxa6 Nd4 21. Qxc8+ Qxc8 22. Ne7+ Kf8 23. Nxc8 Nxf3+ 24. Kg2 Ng5 25. b5+ Ke8 26. f3 Ne6 27. Na7 Nd7 28. Nc6 Nb6 29. Bb4 Nc4 30. Ra1 Nb6 31. Ba5 Nc4 32. Rxa4 Ne3+ 33. Kf2 Nd1+ 34. Ke2 Nb2 35. Rb4 Nd4+ 36. cxd4 exd4 37. Rxb2 d3+ 38. Kxd3 Bxb2 39. Bxc7 Kd7 40. Be5 Ba3 41. Bd4 Bd6 42. e5 Bf8 43. Ke4 Ba3 44. Kd5 h5 45. b6 Kc8 46. Bc5 Kb7 47. Bxa3 Kxb6 48. Nd8 Kc7 49. Nxf7 Kd7 50. e6+ Ke8 51. Nd6+ Kd8 52. Ne4 Ke8 53. e7 Kf7 54. Nf6 Kxf6 55. e8=Q h4 56. Qe6+ Kg5 57. Bc1+ Kh5 58. g4# 1-0


[Site "https://www.chess.com"]

[Event "Titled Tuesday Blitz May 4 2021"]
[White "Preotu, Razvan"]
[Black "Estrada Nieto, Julian"]
[WhiteFideId "2613280"]
[BlackFideId "5101018"]
[WhiteElo "2407"]
[BlackElo "2270"]
[Result "1/2-1/2"]
[Round "01"]
[TimeControl "180+1"]
[Date "2021.05.04"]
[WhiteClock "0:02:20"]
[BlackClock "0:01:32"]

1. e4 e5 2. Nf3 Nc6 3. Bc4 Bc5 4. c3 d6 5. d4 exd4 6. cxd4 Bb6 7. Nc3 Nf6 8. h3 O-O 9. O-O Nxe4 10. Nxe4 d5 11. Bd3 dxe4 12. Bxe4 Nxd4 13. Nxd4 Qxd4 14. Qc2 h6 15. Be3 Qf6 16. Bxb6 Qxb6 17. Rfd1 Be6 18. Rd3 Rfd8 19. Rad1 c6 20. Qc3 Rxd3 21. Rxd3 Rd8 22. Rg3 Qd4 23. Rd3 Qb6 24. Rg3 Qd4 25. Rd3 Qb6 1/2-1/2


[Site "https://www.chess.com"]

[Event "Titled Tuesday Blitz May 4 2021"]
[White "Priyanka, K"]
[Black "Sumaneev, Dmitry"]
[WhiteFideId "5082986"]
[BlackFideId "4125312"]
[WhiteElo "1893"]
[BlackElo "2503"]
[Result "1-0"]
[Round "01"]
[TimeControl "180+1"]
[Date "2021.05.04"]
[WhiteClock "0:01:18"]
[BlackClock "0:00:21"]

1. e4 e6 2. d4 d5 3. Nc3 Nf6 4. Bg5 Be7 5. e5 Nfd7 6. Bxe7 Qxe7 7. f4 a6 8. Nf3 c5 9. dxc5 Qxc5 10. Qd2 Nc6 11. O-O-O b5 12. Bd3 b4 13. Ne2 a5 14. Kb1 Ba6 15. Bxa6 Rxa6 16. Ned4 O-O 17. Rhe1 a4 18. f5 Nxd4 19. Nxd4 h6 20. f6 Rc8 21. fxg7 Kxg7 22. Re3 Qe7 23. Rg3+ Kh7 24. Qd3+ Kh8 25. Qxa6 Nc5 26. Qxc8+ 1-0


[Site "https://www.chess.com"]

[Event "Titled Tuesday Blitz May 4 2021"]
[White "Prraneeth Vuppala"]
[Black "Deac, Bogdan-Daniel"]
[WhiteFideId "46622373"]
[BlackFideId "1226380"]
[WhiteElo "1759"]
[BlackElo "2605"]
[Result "0-1"]
[Round "01"]
[TimeControl "180+1"]
[Date "2021.05.04"]
[WhiteClock "0:00:01"]
[BlackClock "0:00:08"]

1. e4 g6 2. d4 Bg7 3. Nf3 c6 4. Bd3 d6 5. Nc3 Bg4 6. Be3 Qb6 7. Bc4 Qa5 8. h3 Bxf3 9. Qxf3 Nf6 10. O-O O-O 11. a3 Nbd7 12. Rfe1 Qc7 13. Rad1 b5 14. Bb3 a5 15. d5 b4 16. Na4 Ne5 17. Qe2 bxa3 18. bxa3 cxd5 19. exd5 Ned7 20. Bd4 Rfe8 21. Nc3 Nc5 22. Nb5 Qb6 23. a4 Nfd7 24. Bxg7 Kxg7 25. Qe3 Rac8 26. Nd4 Nf6 27. Qg5 Nce4 28. Qe3 Qc5 29. Kh2 Nc3 30. Rd3 Ncxd5 31. Qg5 Nb4 32. Qh4 Nxd3 33. cxd3 Qb4 34. Be6 Qxe1 35. Nf5+ gxf5 36. Qg5+ Kh8 37. Bxf7 Rf8 38. Qh6 Qe5+ 0-1


[Site "https://www.chess.com"]

[Event "Titled Tuesday Blitz May 4 2021"]
[White "Przybylski, Wojciech"]
[Black "TigrVShlyape"]
[WhiteFideId "1117599"]
[WhiteElo "2317"]
[BlackElo "2820"]
[Result "0-1"]
[Round "01"]
[TimeControl "180+1"]
[Date "2021.05.04"]
[WhiteClock "0:00:04"]
[BlackClock "0:00:13"]

1. e4 e5 2. Nf3 Nc6 3. Bb5 a6 4. Ba4 Nf6 5. O-O Be7 6. Re1 b5 7. Bb3 d6 8. c3 O-O 9. d4 Bg4 10. Be3 Bh5 11. h3 Na5 12. Bc2 Nc4 13. Bc1 exd4 14. cxd4 c5 15. b3 Nb6 16. Bb2 Rc8 17. Nbd2 cxd4 18. Bxd4 Nfd7 19. Rc1 Bf6 20. g4 Bg6 21. Nf1 Re8 22. Ng3 Ne5 23. Nxe5 dxe5 24. Be3 Na8 25. Bb1 h6 26. Qxd8 Rexd8 27. Rxc8 Rxc8 28. Rc1 Rxc1+ 29. Bxc1 Bg5 30. Bb2 f6 31. Nf5 Bf7 32. Bd3 Nc7 33. Bc3 Ne6 34. h4 Bc1 35. a4 Nc5 36. Bf1 Nxe4 37. Bb4 Bxb3 38. axb5 axb5 39. Bxb5 Be6 40. Bd3 Bd2 41. Ba3 Nc3 42. Kf1 e4 43. Ba6 Bf4 44. h5 Be5 45. Bb4 Nd5 46. Ba5 Nf4 47. Bb7 Bxf5 48. gxf5 Nxh5 49. Bxe4 Nf4 50. Bd5+ Nxd5 51. Ke2 Ne7 52. Kf3 Nxf5 53. Bd2 g6 54. Ke4 Kf7 55. f3 Bd6 56. f4 h5 57. Bc3 Ke6 58. Kf3 g5 59. fxg5 fxg5 60. Ke4 g4 61. Be1 Ng3+ 62. Ke3 Kf5 63. Kf2 Bf4 64. Kg2 h4 65. Bf2 h3+ 66. Kg1 Ne4 67. Bd4 g3 68. Be3 Bxe3+ 69. Kh1 g2+ 70. Kh2 g1=Q+ 71. Kxh3 Qg3# 0-1


[Site "https://www.chess.com"]

[Event "Titled Tuesday Blitz May 4 2021"]
[White "Purtseladze, Maka"]
[Black "Kollars, Dmitrij"]
[WhiteFideId "13602659"]
[BlackFideId "12909572"]
[WhiteElo "2178"]
[BlackElo "2576"]
[Result "0-1"]
[Round "01"]
[TimeControl "180+1"]
[Date "2021.05.04"]
[WhiteClock "0:00:09"]
[BlackClock "0:00:23"]

1. d4 Nf6 2. Bg5 Ne4 3. Bf4 c5 4. e3 Qb6 5. Nc3 Nxc3 6. bxc3 e6 7. a4 Qa5 8. Qd2 cxd4 9. exd4 Nc6 10. Nf3 Be7 11. Bd3 O-O 12. O-O b6 13. Rfb1 Ba6 14. Bxa6 Qxa6 15. Rb5 d5 16. Ne5 Nxe5 17. Bxe5 Rac8 18. Qd3 Rc4 19. Rb3 Qb7 20. a5 b5 21. a6 Qc6 22. Bf4 Rc8 23. Bd2 h6 24. g3 Rb8 25. Kg2 Rb6 26. Rab1 Bf6 27. f4 h5 28. Qf3 g6 29. h3 Rxa6 30. Rxb5 Rb6 31. Rxb6 axb6 32. Rb3 b5 33. Qd1 Ra4 34. Qb1 Qc4 35. Kf2 h4 36. g4 Ra5 37. Rb4 Qc6 38. g5 Be7 39. Kf3 Bxb4 40. Qxb4 Ra7 41. Kg4 Qc4 42. Qd6 Qe2+ 43. Kxh4 Qf2+ 44. Kg4 Qg2+ 45. Kh4 Ra8 46. Be1 Qe2 47. Qe5 Qxe5 48. fxe5 Ra2 49. Kg3 Rxc2 50. Kf3 Kf8 51. h4 Ke7 52. Ke3 Kd7 53. Kd3 Rh2 54. Bd2 Rh3+ 55. Kc2 Kc6 56. Be1 b4 57. cxb4 Kb5 58. Kd2 Kxb4 59. Bf2 Kc4 60. Ke2 Rh2 0-1


[Site "https://www.chess.com"]

[Event "Titled Tuesday Blitz May 4 2021"]
[White "Quirke, Jeffrey"]
[Black "Gevorgyan, David Sh."]
[WhiteFideId "2013029"]
[BlackFideId "13303244"]
[WhiteElo "2242"]
[BlackElo "2255"]
[Result "0-1"]
[Round "01"]
[TimeControl "180+1"]
[Date "2021.05.04"]
[WhiteClock "0:00:02"]
[BlackClock "0:01:07"]

1. d4 Nf6 2. c4 g6 3. Nc3 d6 4. e4 Bg7 5. Be2 O-O 6. Be3 Nbd7 7. Nf3 e5 8. O-O c6 9. Qc2 Qe7 10. Rad1 Re8 11. d5 c5 12. Ne1 Rf8 13. Nd3 Ne8 14. f4 exf4 15. Bxf4 Ne5 16. Nxe5 Bxe5 17. Qd2 Bd4+ 18. Kh1 Bg7 19. Bd3 Bg4 20. Rde1 Be5 21. h3 Bd7 22. Bg5 f6 23. Bh6 Ng7 24. Rf3 Rf7 25. Ref1 a6 26. b3 Nh5 27. Ne2 b5 28. g4 Ng7 29. Ng3 Re8 30. Kg2 bxc4 31. bxc4 Rb8 32. Ne2 Rb2 33. Qc1 Rxa2 34. g5 f5 35. exf5 Nxf5 36. Bxf5 Bxf5 0-1


[Site "https://www.chess.com"]

[Event "Titled Tuesday Blitz May 4 2021"]
[White "Remolar Gallen, Jose"]
[Black "Ferguson, Randal"]
[WhiteFideId "2215187"]
[BlackFideId "30903106"]
[WhiteElo "2203"]
[BlackElo "2141"]
[Result "1-0"]
[Round "01"]
[TimeControl "180+1"]
[Date "2021.05.04"]
[WhiteClock "0:00:59"]
[BlackClock "0:00:21"]

1. d4 Nf6 2. c4 g6 3. Nc3 d5 4. Bg5 Bg7 5. e3 O-O 6. Nf3 c6 7. Be2 Bf5 8. O-O Ne4 9. Bh4 Nxc3 10. bxc3 Re8 11. Qb3 Qb6 12. c5 Qc7 13. Bg3 e5 14. Nxe5 Qe7 15. c4 f6 16. cxd5 fxe5 17. dxc6+ Qf7 18. cxb7 1-0


[Site "https://www.chess.com"]

[Event "Titled Tuesday Blitz May 4 2021"]
[White "Rodriguez, Santiago"]
[Black "Sadhwani, Raunak"]
[WhiteFideId "3000591"]
[BlackFideId "35093487"]
[WhiteElo "2256"]
[BlackElo "2514"]
[Result "0-1"]
[Round "01"]
[TimeControl "180+1"]
[Date "2021.05.04"]
[WhiteClock "0:00:01"]
[BlackClock "0:00:53"]

1. d4 d6 2. e4 Nf6 3. Nc3 g6 4. Be3 a6 5. h4 b5 6. f3 Nbd7 7. Qd2 Nb6 8. O-O-O b4 9. Nb1 a5 10. g4 h5 11. g5 Nfd7 12. Nh3 Bb7 13. Nf4 Bg7 14. Bd3 e5 15. Ne2 Qe7 16. d5 c6 17. dxc6 Bxc6 18. c3 O-O 19. cxb4 axb4 20. Qxb4 Rfb8 21. Bxb6 Rxb6 22. Qd2 Rxa2 23. Nec3 Nc5 24. Bc4 Raxb2 25. Qxb2 Rxb2 26. Kxb2 Qb7+ 27. Kc2 Qb4 28. Bd5 Bd7 29. Kd2 Ne6 30. Ke2 Nf4+ 31. Kf2 Kf8 32. Rd2 f6 33. gxf6 Bxf6 34. Rhd1 Bxh4+ 35. Kg1 Bg5 36. Ra2 Qb6+ 37. Kh2 Qe3 0-1


[Site "https://www.chess.com"]

[Event "Titled Tuesday Blitz May 4 2021"]
[White "Roebers, Jan"]
[Black "Sieciechowicz, Marcin"]
[WhiteFideId "1007815"]
[BlackFideId "1130170"]
[WhiteElo "2198"]
[BlackElo "2288"]
[Result "0-1"]
[Round "01"]
[TimeControl "180+1"]
[Date "2021.05.04"]
[WhiteClock "0:00:03"]
[BlackClock "0:00:17"]

1. e4 c5 2. Nc3 d6 3. Nf3 Nf6 4. e5 dxe5 5. Nxe5 Nbd7 6. Nc4 e6 7. g3 Be7 8. Bg2 O-O 9. d3 Rb8 10. Bf4 Ra8 11. O-O Nb6 12. a4 Nfd5 13. Nxd5 exd5 14. Nxb6 axb6 15. Re1 Be6 16. b3 Qd7 17. Be5 b5 18. axb5 Qxb5 19. Qd2 h6 20. Qc3 f6 21. Bf4 Qd7 22. d4 b6 23. Rad1 c4 24. Qe3 Kf7 25. bxc4 Rfe8 26. Bf3 Ra3 27. Qe2 dxc4 28. d5 Bf5 29. d6 Bd8 30. Qxe8+ Qxe8 31. Rxe8 Kxe8 32. Bc6+ Kf7 33. Bd5+ Be6 34. Bxe6+ Kxe6 35. Re1+ Kd7 36. Re4 Rc3 37. h4 Rxc2 38. h5 b5 39. Rd4 b4 40. Kf1 b3 0-1


[Site "https://www.chess.com"]

[Event "Titled Tuesday Blitz May 4 2021"]
[White "Rojas Alarcon, Julian Antonio"]
[Black "Morris-Suzuki, Sophie"]
[WhiteFideId "5107407"]
[BlackFideId "30922615"]
[WhiteElo "2333"]
[BlackElo "2389"]
[Result "1-0"]
[Round "01"]
[TimeControl "180+1"]
[Date "2021.05.04"]
[WhiteClock "0:00:26"]
[BlackClock "0:00:05"]

1. c4 Nf6 2. Nc3 g6 3. g3 Bg7 4. Bg2 O-O 5. Nf3 d6 6. d3 e5 7. O-O c6 8. c5 dxc5 9. Nxe5 Nd5 10. Nxd5 cxd5 11. Nf3 Nc6 12. Re1 Re8 13. h3 Bf5 14. Bd2 Qd7 15. g4 Be6 16. Bc3 d4 17. Bd2 Ne7 18. b4 c4 19. dxc4 Bxc4 20. a3 Nd5 21. Rc1 b5 22. Ng5 Rad8 23. Ne4 f5 24. gxf5 Qxf5 25. Qc2 Bxe2 26. Rxe2 d3 27. Qxd3 Kh8 28. Qf3 Qd7 29. Nc5 Qc6 30. Bg5 Rxe2 31. Qxe2 Re8 32. Qd2 Re5 33. Rd1 h6 34. Bxd5 Qd6 35. Bf4 Qe7 36. Bxe5 Bxe5 37. Qxh6+ Qh7 38. Qxh7+ Kxh7 39. Be4 Kh6 40. Rd7 Bb2 41. Rxa7 Kg5 42. Rb7 Bxa3 43. Rxb5 Kf4 44. Kg2 g5 45. Bf3 Bb2 46. Nd3# 1-0


[Site "https://www.chess.com"]

[Event "Titled Tuesday Blitz May 4 2021"]
[White "Roque Sola, Gisela"]
[Black "Senthil Maran K"]
[WhiteFideId "5120241"]
[BlackFideId "25035681"]
[WhiteElo "1863"]
[BlackElo "2194"]
[Result "0-1"]
[Round "01"]
[TimeControl "180+1"]
[Date "2021.05.04"]
[WhiteClock "0:00:10"]
[BlackClock "0:00:21"]

1. c4 c6 2. Nf3 d5 3. b3 e6 4. g3 Nf6 5. Bb2 Bd6 6. Bg2 Qe7 7. O-O e5 8. d3 O-O 9. Nbd2 Bf5 10. Re1 e4 11. Nh4 Bg6 12. Nxg6 fxg6 13. dxe4 Nxe4 14. Nxe4 dxe4 15. Bxe4 Bb4 16. Bg2 Bxe1 17. Qxe1 Nd7 18. Rd1 Ne5 19. Qc3 Rae8 20. Bh3 g5 21. c5 g4 22. Bg2 Qf7 23. f4 gxf3 24. exf3 Re7 25. f4 Ng4 26. Bf1 Nf6 27. Bc4 Nd5 28. Qf3 Rd7 29. b4 Rfd8 30. b5 Kh8 31. h4 Qf8 32. h5 Qxc5+ 33. Kh2 Nf6 34. h6 Qxc4 35. hxg7+ Kxg7 36. Qg4+ Kf7 37. Rxd7+ Rxd7 38. Bxf6 Rd2+ 39. Kh3 Qf1+ 40. Kh4 Rh2+ 41. Kg5 h6+ 42. Kf5 Qd3+ 43. Ke5 Qd5# 0-1


[Site "https://www.chess.com"]

[Event "Titled Tuesday Blitz May 4 2021"]
[White "Rostovtsev, Dmitry"]
[Black "Fajdetic, Hrvoje"]
[WhiteFideId "34278320"]
[BlackFideId "14501945"]
[WhiteElo "2197"]
[BlackElo "2153"]
[Result "1-0"]
[Round "01"]
[TimeControl "180+1"]
[Date "2021.05.04"]
[WhiteClock "0:00:17"]
[BlackClock "0:00:03"]

1. e4 e6 2. d4 d5 3. Nd2 dxe4 4. Nxe4 Nd7 5. Nf3 Ngf6 6. Bd3 Nxe4 7. Bxe4 Nf6 8. Bd3 c5 9. dxc5 Bxc5 10. O-O Qc7 11. Qe2 O-O 12. Bg5 Nd5 13. Rad1 Nf4 14. Qe4 Nxd3 15. Rxd3 Be7 16. Bxe7 Qxe7 17. Rfd1 a5 18. Ne5 Ra6 19. Rh3 h6 20. Rhd3 Rb6 21. b3 Rb4 22. c4 a4 23. h3 axb3 24. axb3 Qg5 25. Rg3 Qf5 26. Qe3 f6 27. Qxh6 g5 28. Ng6 1-0


[Site "https://www.chess.com"]

[Event "Titled Tuesday Blitz May 4 2021"]
[White "Royal, Shreyas"]
[Black "Keymer, Vincent"]
[WhiteFideId "448869"]
[BlackFideId "12940690"]
[WhiteElo "1931"]
[BlackElo "2474"]
[Result "0-1"]
[Round "01"]
[TimeControl "180+1"]
[Date "2021.05.04"]
[WhiteClock "0:00:09"]
[BlackClock "0:01:14"]

1. d4 Nf6 2. c4 e6 3. g3 Bb4+ 4. Bd2 Be7 5. Bg2 d5 6. Nf3 O-O 7. O-O c6 8. Qc2 Nbd7 9. Rd1 b6 10. Ne5 Nxe5 11. dxe5 Nd7 12. Bc3 Bb7 13. b3 Qc7 14. Qb2 Rfd8 15. Nd2 Rac8 16. Nf1 h6 17. e4 dxc4 18. bxc4 Nc5 19. Qc2 b5 20. Nd2 Na4 21. Nb3 Nxc3 22. Qxc3 b4 23. Qb2 a5 24. Rac1 a4 25. Nd4 Qb6 26. Ne2 Bc5 27. Nf4 Bd4 28. Qc2 b3 29. axb3 axb3 30. Qe2 Bxe5 31. c5 Qb5 32. Nd3 Ba6 33. Bf1 Bd4 34. Qf3 Qa4 35. e5 b2 36. Rb1 Bxd3 37. Bxd3 Bxe5 38. Qe2 Bf6 39. Bc2 Qb4 40. Qh5 Qc3 41. Be4 Rxd1+ 42. Rxd1 Rd8 43. Kg2 Rxd1 44. Qxd1 g6 45. Qb1 Kg7 46. h4 Qxc5 47. Qd3 h5 48. Qb1 Qb5 49. Qc2 c5 50. Bd3 c4 51. Be4 c3 52. Qb1 Bd4 53. Qc2 Qb6 54. f3 Bf6 55. Qb1 Qe3 56. Kh3 Bd4 57. Qc2 f5 58. Bd3 Qxf3 59. Bc4 Qh1+ 0-1


[Site "https://www.chess.com"]

[Event "Titled Tuesday Blitz May 4 2021"]
[White "Rozhkov, Viacheslav"]
[Black "Korchagina, Alena"]
[WhiteFideId "4181484"]
[BlackFideId "24173452"]
[WhiteElo "2324"]
[BlackElo "1919"]
[Result "1-0"]
[Round "01"]
[TimeControl "180+1"]
[Date "2021.05.04"]
[WhiteClock "0:00:15"]
[BlackClock "0:00:01"]

1. e4 c5 2. Nf3 e6 3. d4 cxd4 4. Nxd4 a6 5. Nc3 Qc7 6. g3 Nf6 7. Bg2 Be7 8. O-O O-O 9. g4 d6 10. g5 Nfd7 11. f4 Nc6 12. Be3 Nxd4 13. Bxd4 e5 14. Nd5 Qd8 15. Be3 exf4 16. Bxf4 Bxg5 17. Bxd6 Nf6 18. Be7 Qe8 19. Bxf6 gxf6 20. Rxf6 Qe5 21. Rf2 Be6 22. Qf3 Bxd5 23. exd5 Be3 24. Re1 Bxf2+ 25. Qxf2 Qxb2 26. d6 Rfe8 27. Rf1 Qg7 28. Kh1 Re6 29. Bxb7 Rb8 30. Rg1 Rg6 31. Rxg6 1-0


[Site "https://www.chess.com"]

[Event "Titled Tuesday Blitz May 4 2021"]
[White "Rychkov, Oleg"]
[Black "Aslanov, Umid"]
[WhiteFideId "4122852"]
[BlackFideId "13412620"]
[WhiteElo "2493"]
[BlackElo "1796"]
[Result "1-0"]
[Round "01"]
[TimeControl "180+1"]
[Date "2021.05.04"]
[WhiteClock "0:00:40"]
[BlackClock "0:00:13"]

1. d4 d5 2. c4 e6 3. Nf3 c6 4. g3 Nf6 5. Bg2 Be7 6. O-O O-O 7. b3 Nbd7 8. Bb2 b6 9. Nbd2 Bb7 10. Qc2 c5 11. Ne5 Qc7 12. Nxd7 Qxd7 13. cxd5 exd5 14. Nf3 Rac8 15. Ne5 Qc7 16. Rac1 Nd7 17. Bh3 Bc6 18. Rfd1 Rcd8 19. Nxc6 Qxc6 20. dxc5 bxc5 21. Bg2 Nb6 22. a4 Qe6 23. a5 Na8 24. Rd3 Nc7 25. Re3 Qd6 26. Rd1 d4 27. Red3 Na6 28. Ba3 Qc7 29. Qd2 Rb8 30. Rc1 Qe5 31. e3 dxe3 32. Rxe3 Bg5 33. f4 Qd4 34. Qxd4 cxd4 35. Rd3 Bf6 36. Bxf8 Kxf8 37. Rc4 Nb4 38. Rd1 d3 39. Be4 Be7 40. Bxd3 Rd8 41. Be2 Re8 42. Kf1 Na6 43. Rd7 Nc5 44. Rxa7 Nxb3 45. Rc2 Bb4 46. a6 Nd2+ 47. Rxd2 Bxd2 48. Bc4 Re7 49. Rxe7 Kxe7 50. a7 1-0


[Site "https://www.chess.com"]

[Event "Titled Tuesday Blitz May 4 2021"]
[White "Sahil, Tickoo"]
[Black "Hasangatin, Ramil"]
[WhiteFideId "5019710"]
[BlackFideId "4122160"]
[WhiteElo "2099"]
[BlackElo "2430"]
[Result "0-1"]
[Round "01"]
[TimeControl "180+1"]
[Date "2021.05.04"]
[WhiteClock "0:01:28"]
[BlackClock "0:01:49"]

1. d4 d6 2. e4 Nf6 3. Nc3 e5 4. Nf3 Nbd7 5. Bc4 Be7 6. O-O O-O 7. Re1 c6 8. a4 exd4 9. Nxd4 Ne5 10. Bb3 Re8 11. h3 Bf8 12. Be3 Ng6 13. Bg5 h6 14. Bd2 Qc7 15. a5 Bd7 16. Nf5 Bxf5 17. exf5 Nh4 18. Bf4 Nxf5 19. Qd3 Qd7 20. Rxe8 Rxe8 21. Rd1 d5 22. Ne2 Bd6 23. Bxd6 Nxd6 24. Nd4 c5 0-1


[Site "https://www.chess.com"]

[Event "Titled Tuesday Blitz May 4 2021"]
[White "Sanal, Vahap"]
[Black "Maung, Maung Kyaw Zaw Hein"]
[WhiteFideId "6300545"]
[BlackFideId "13001698"]
[WhiteElo "2507"]
[BlackElo "1785"]
[Result "1-0"]
[Round "01"]
[TimeControl "180+1"]
[Date "2021.05.04"]
[WhiteClock "0:01:55"]
[BlackClock "0:01:13"]

1. e4 c6 2. d4 d5 3. exd5 cxd5 4. c3 Nf6 5. h3 Nc6 6. Bd3 g6 7. Nf3 Bf5 8. Bxf5 gxf5 9. O-O e6 10. Bg5 Be7 11. Bxf6 Bxf6 12. Ne1 Qd6 13. Nd3 O-O-O 14. Nd2 Rhg8 15. Nf3 Rg6 16. Kh1 Rdg8 17. Rg1 Bd8 18. g3 f6 19. Qe2 Bc7 20. Nf4 Rh6 21. Qxe6+ Qxe6 22. Nxe6 Rxh3+ 23. Kg2 Rh6 24. Rh1 Rhg6 25. Nxc7 Kxc7 26. Rxh7+ Kb6 27. Rh4 Re8 28. Re1 Re4 29. Kf1 Ne7 30. Rh7 f4 31. Rxe7 fxg3 32. R1xe4 dxe4 33. Rxe4 f5 34. Rf4 gxf2 35. Kxf2 1-0


[Site "https://www.chess.com"]

[Event "Titled Tuesday Blitz May 4 2021"]
[White "Saraci, Nderim"]
[Black "Delgadillo, Adonay"]
[WhiteFideId "6351921"]
[BlackFideId "3301915"]
[WhiteElo "2486"]
[BlackElo "2103"]
[Result "1-0"]
[Round "01"]
[TimeControl "180+1"]
[Date "2021.05.04"]
[WhiteClock "0:00:42"]
[BlackClock "0:00:01"]

1. d4 Nf6 2. Nf3 b6 3. c4 Bb7 4. Nc3 e6 5. Bg5 Bb4 6. Qc2 h6 7. Bxf6 Qxf6 8. a3 Bxc3+ 9. Qxc3 c5 10. Rd1 Nc6 11. e3 cxd4 12. Nxd4 O-O-O 13. Be2 Nxd4 14. Qxd4 d5 15. Qxf6 gxf6 16. cxd5 Bxd5 17. f3 f5 18. Kf2 Kb7 19. Rd4 Bb3 20. Rb4 Bd5 21. Rd1 Bc6 22. Rxd8 Rxd8 23. Ke1 Rg8 24. g3 Bd5 25. Rf4 Rc8 26. e4 fxe4 27. fxe4 e5 28. Rf5 Bxe4 29. Rxf7+ Kb8 30. Re7 Rc2 31. Rxe5 Bc6 32. b3 Ra2 33. a4 Rb2 34. Re3 Bd5 35. Re8+ Kc7 36. Re7+ Kd6 37. Rxa7 Rxb3 38. Rh7 Kc5 39. Rxh6 Kd4 40. Kf2 Rb2 41. Rh4+ Ke5 42. Ke3 Rb3+ 43. Bd3 Be6 44. Rh5+ Kf6 45. Rb5 Ra3 46. Rxb6 Rxa4 47. h3 Ke5 48. Rb5+ Kf6 49. Rh5 Ra3 50. Rh6+ Ke5 51. Rh5+ Kf6 52. Kd2 Ra2+ 53. Kc1 Rg2 54. g4 Rg3 55. Bf5 Bd5 56. Kd2 Bg2 57. h4 Bh3 58. Rg5 Bg2 59. Rg6+ Ke5 60. h5 Kf4 61. h6 Rh3 62. Rb6 Bf3 63. Rb4+ Kg5 64. h7 Bd5 65. Rb8 Rh2+ 66. Kc3 1-0


[Site "https://www.chess.com"]

[Event "Titled Tuesday Blitz May 4 2021"]
[White "Saravana, Krishnan P."]
[Black "Piorun, Kacper"]
[WhiteFideId "5018382"]
[BlackFideId "1130420"]
[WhiteElo "2245"]
[BlackElo "2535"]
[Result "0-1"]
[Round "01"]
[TimeControl "180+1"]
[Date "2021.05.04"]
[WhiteClock "0:00:18"]
[BlackClock "0:00:15"]

1. e4 e6 2. d4 d5 3. Nd2 a5 4. Ngf3 Nf6 5. Bd3 a4 6. O-O b6 7. c3 Be7 8. Re1 dxe4 9. Nxe4 O-O 10. Ne5 Bb7 11. Qe2 Nxe4 12. Bxe4 Bxe4 13. Qxe4 Ra5 14. Qf3 Bf6 15. Bf4 Bxe5 16. Bxe5 Nd7 17. Bg3 Rd5 18. Rad1 b5 19. b3 Nb6 20. Qe2 Qd7 21. Be5 Qc6 22. Rd3 f6 23. Bf4 Re8 24. Re3 Rf5 25. Bg3 Kf7 26. c4 axb3 27. axb3 bxc4 28. bxc4 Qxc4 29. Qxc4 Nxc4 30. Rc3 Nb6 31. Rxc7+ Re7 32. Rxe7+ Kxe7 33. f3 Rb5 34. Bf2 Nd5 35. Rc1 g5 36. g3 h5 37. Kf1 Rb3 38. Kg2 g4 39. fxg4 hxg4 40. Rc2 Rd3 41. Ra2 Kf7 42. Ra7+ Kg6 43. Ra6 Kf5 44. Ra8 Rd2 45. Rh8 Nc3 46. Rh5+ Kg6 47. Rh4 Kf5 48. Rh5+ Ke4 49. Rh4 f5 50. Rh6 Nd1 51. Rxe6+ Kd3 52. Rf6 Rxf2+ 53. Kg1 Ke2 54. d5 Rf1+ 0-1


[Site "https://www.chess.com"]

[Event "Titled Tuesday Blitz May 4 2021"]
[White "Sargsyan, Anna M."]
[Black "Zhukov, Anton"]
[WhiteFideId "13308130"]
[BlackFideId "34187534"]
[WhiteElo "2263"]
[BlackElo "2172"]
[Result "1-0"]
[Round "01"]
[TimeControl "180+1"]
[Date "2021.05.04"]
[WhiteClock "0:00:57"]
[BlackClock "0:01:26"]

1. d4 Nf6 2. c4 g6 3. g3 Bg7 4. Bg2 O-O 5. Nc3 d6 6. Nf3 Nbd7 7. O-O e5 8. e4 exd4 9. Nxd4 Re8 10. h3 a6 11. Re1 Rb8 12. Be3 Ne5 13. Qe2 c5 14. Nc2 Nc6 15. Rad1 Qc7 16. Qd2 Be6 17. b3 Red8 18. Bg5 b5 19. cxb5 axb5 20. Ne3 Nd4 21. Bxf6 Bxf6 22. Ned5 Qb7 23. Nxf6+ Kg7 24. Ncd5 Ra8 25. Qg5 h6 26. Nh5+ 1-0


[Site "https://www.chess.com"]

[Event "Titled Tuesday Blitz May 4 2021"]
[White "Sarkar, Justin"]
[Black "Czopor, Maciej"]
[WhiteFideId "2010011"]
[BlackFideId "21805431"]
[WhiteElo "2140"]
[BlackElo "1939"]
[Result "1-0"]
[Round "01"]
[TimeControl "180+1"]
[Date "2021.05.04"]
[WhiteClock "0:00:01"]
[BlackClock "0:00:07"]

1. d4 Nf6 2. c4 e6 3. Nf3 d5 4. Bg5 Bb4+ 5. Nbd2 O-O 6. e3 h6 7. Bh4 b6 8. a3 Bd6 9. Bd3 Bb7 10. O-O Nbd7 11. b4 c5 12. bxc5 bxc5 13. Rb1 Rb8 14. Qa4 Qc7 15. Qxa7 Ne4 16. Bg3 Nxg3 17. hxg3 cxd4 18. exd4 dxc4 19. Nxc4 Bxf3 20. Qxc7 Bxc7 21. gxf3 Nb6 22. Nxb6 Bxb6 23. Rb4 Ba7 24. Rfb1 Rxb4 25. Rxb4 Rd8 26. a4 Bxd4 27. Be4 e5 28. a5 Rd6 29. Bb7 Bc5 30. Rb5 Ba7 31. Rxe5 Rd2 32. a6 Rxf2 33. Kh1 g6 34. Re8+ Kg7 35. Re7 Kf6 36. Rc7 Rf1+ 37. Kg2 Rg1+ 38. Kh2 Bf2 39. Bd5 Rxg3 40. Rxf7+ Kg5 41. a7 1-0


[Site "https://www.chess.com"]